 Dungeon Crawl Stone Soup version 0.29.1-1-gd02db6906a (webtiles) character file.

Game seed: 2974370316981634026

86 SSird the Chopper (level 4, 0/35 HPs)
             Began as a Formicid Fighter on Sept 29, 2022.
             Was a Follower of Nemelex Xobeh.
             Slain by Crazy Yiuf
             ... wielding a +3 quarterstaff of chaos
              (10 damage)
             ... on level 2 of the Dungeon.
             The game lasted 00:03:22 (1915 turns).

SSird the Chopper (Formicid Fighter)                Turns: 1915, Time: 00:03:23

Health: 0/35       AC:  6    Str: 23    XL:     4   Next: 77%
Magic:  4/4        EV:  9    Int:  7    God:    Nemelex Xobeh [*.....]
Gold:   92         SH:  5    Dex: 13    Spells: 3/3 levels left

rFire   . . .      SeeInvis +   a - +5 club (spect)
rCold   . . .      Faith    .   c - +0 buckler
rNeg    . . .      Spirit   .   o - +0 scale mail
rPois   .          Reflect  .   (helmet unavailable)
rElec   .          Harm     .   (no cloak)
rCorr   .          Rampage  .   (no gloves)
Will    .....                   (no boots)
Stlth   ..........              (no amulet)
HPRegen 0.11/turn               (no ring)
MPRegen 0.09/turn               (no ring)

@: no status effects
A: permanent stasis, dig shafts and tunnels, antennae 3, four strong arms
a: Dig, Shaft Self, Renounce Religion, Draw Escape, Draw Destruction, Draw
Summoning


You were on level 2 of the Dungeon.
You worshipped Nemelex Xobeh.
Nemelex Xobeh was aware of your devotion.
You visited 1 branch of the dungeon, and saw 2 of its levels.

You collected 92 gold pieces.

Inventory:

Hand Weapons
 a - a +5 spectral club (weapon)
 b - a +0 war axe
Armour
 c - a +0 buckler (worn)
 o - a +0 scale mail (worn)
Jewellery
 g - a ring of magical power
 i - a ring of ice
 n - a ring of flight
Scrolls
 f - a scroll of silence {unknown}
 h - a scroll of magic mapping {unknown}
 l - a scroll of noise {unknown}
 m - 3 scrolls of identify {unknown}
Potions
 d - a potion of might
 e - a potion of heal wounds {unknown}
 j - a potion of haste {unknown}
 k - 2 potions of curing {unknown}


   Skills:
 - Level 3.2 Fighting
 + Level 4.6 Axes
 - Level 3.2 Armour
 - Level 4.0 Shields


You had 3 spell levels left.
You didn't know any spells.
Your spell library contained the following spells:

 Spells                   Type           Power      Damage    Failure   Level
 Poisonous Vapours        Pois/Air       0%         N/A       91%         2
 Corpse Rot               Necr/Pois/Air  0%         N/A       100%        4


Dungeon Overview and Level Annotations

Branches:
Dungeon (2/15)

Altars:
Ashenzari
Nemelex Xobeh

Annotations:
D:2 Crazy Yiuf


Innate Abilities, Weirdness & Mutations

You cannot be hasted, slowed, berserked, paralysed or teleported.
You can dig through walls and to a lower floor.
You have a pair of large antennae on your head. (SInv)
Your four strong arms can wield two-handed weapons with a shield.


Message History

You add the spells Poisonous Vapours and Corpse Rot to your library.
You sense a monster nearby.
A rat comes into view.
The rat barely misses you.
You closely miss the rat.
Your +5 spectral club hits the rat!
You kill the rat!
No target in view!
Found a stone staircase leading up.
Items here: ) [ ÷÷.
Found a hammer.
Found a runed translucent door.
Crazy Yiuf shouts!
You sense a monster nearby.
You open the door. You hit Crazy Yiuf but do no damage. Crazy Yiuf misses you.
You barely miss Crazy Yiuf.
Crazy Yiuf hits you with a +3 quarterstaff of chaos.
Crazy Yiuf freezes you.
Crazy Yiuf hits you with a +3 quarterstaff of chaos.
Crazy Yiuf freezes you. Crazy Yiuf attacks as you move away!
Crazy Yiuf barely misses you.
Crazy Yiuf glowers.
Crazy Yiuf attacks as you move away!
Crazy Yiuf hits you with a +3 quarterstaff of chaos.
Crazy Yiuf burns you. Crazy Yiuf attacks as you move away!
You block Crazy Yiuf's attack. Crazy Yiuf attacks as you move away!
You block Crazy Yiuf's attack.
You barely miss Crazy Yiuf.
Your +5 spectral club hits Crazy Yiuf.
Crazy Yiuf hits you with a +3 quarterstaff of chaos.
* * * LOW HITPOINT WARNING * * *
Your stasis prevents you from being slowed.
Unknown command.
You hit Crazy Yiuf.
Crazy Yiuf is moderately wounded.
Your +5 spectral club hits Crazy Yiuf!
You block Crazy Yiuf's attack.
You barely miss Crazy Yiuf.
Crazy Yiuf is severely wounded.
Your +5 spectral club hits Crazy Yiuf.
Crazy Yiuf hits you with a +3 quarterstaff of chaos!
You die...
Your body glows slightly and disappears.

..#.# #..#.##.#.......###.#
..#.########..#.##.#####.......#
..#.##...........#.# #.#######
#.#.##...........#.#####.#
....##)......##....##....#
..####.†...####....#######
...........# #....# ######.....#
♣....♣ ###.....# ♣♣@(.♣
#.......# ♣♣g♣♣ # #.......# ♣♣.♣
# #......## ♣.♣♣ # #.......#
♣♣.♣ # #######.# ♣.♣♣ # # ###.#
#'# # # ####...# ... # #
#......# #...# #


You could see Crazy Yiuf and a friendly +5 spectral club (summoned).

Vanquished Creatures
  Jessica (D:2)
  2 adders (D:2)
  2 dart slugs (D:2)
  3 endoplasms
  3 giant cockroaches
  5 goblins
  2 hobgoblins (D:1)
  A kobold (D:1)
  4 quokkas
  4 ball pythons
  2 bats (D:1)
  2 frilled lizards
  7 rats
38 creatures vanquished.

Notes
Turn   | Place    | Note
-------+----------+-------------------------------------------
     0 | D:1      | SSird the Formicid Fighter began the quest for the Orb.
     0 | D:1      | Reached XP level 1. HP: 18/18 MP: 1/1
   126 | D:1      | Reached XP level 2. HP: 21/24 MP: 2/2
   479 | D:1      | Found a faded altar of an unknown god.
   492 | D:1      | Prayed at the altar of an unknown god.
   492 | D:1      | Became a worshipper of Nemelex Xobeh the Trickster
   492 | D:1      | Reached * piety under Nemelex Xobeh
   878 | D:2      | Reached XP level 3. HP: 19/29 MP: 3/3
  1110 | D:2      | Found a broken altar of Ashenzari.
  1216 | D:2      | Reached XP level 4. HP: 20/35 MP: 4/4
  1484 | D:2      | Received a gift from Nemelex Xobeh
  1653 | D:2      | Noticed Jessica
  1659 | D:2      | Killed Jessica
  1901 | D:2      | Found a runed translucent door.
  1902 | D:2      | Noticed Crazy Yiuf
  1915 | D:2      | Slain by Crazy Yiuf

Illustrated notes

Levels and vault maps discovered:
D:1:      psy_arrival_dodecagon, layout_loops_ring,
          hellmonk_ecumenical_altar_inner_sanctum, minmay_misc_feat_cross
D:2:      layout_basic, basic_altar, hex_medium, corner_web_ring, uniq_jessica,
          uniq_crazy_yiuf_cottage

Skill      XL: |  1  2  3 |
---------------+----------+-----
Axes           | 3 4 |  4.6
Fighting       | |  3.2
Armour         | |  3.2
Shields        | |  4.0

Action                   |  1- 3 |  4- 6 || total
-------------------------+-------+-------++-------
Melee: War axe           |    77 |    14 ||    91
       Club              |       |     6 ||     6
Armor: Scale mail        |    41 |     3 ||    44
Dodge: Dodged            |    33 |    10 ||    43
Block: Buckler           |    15 |     6 ||    21
